 Dungeon Crawl Stone Soup version 0.27.1-1-g398f81649c (webtiles) character file.

Game seed: 4564133342417994999

337 H0rd4k the Insei (level 6, -3/38 HPs)
             Began as an Octopode Transmuter on Sept 13, 2021.
             Succumbed to an orc's poison
             ... on level 7 of the Dungeon.
             The game lasted 00:03:00 (3874 turns).

H0rd4k the Insei (Octopode Transmuter)              Turns: 3874, Time: 00:03:00

Health: -3/38      AC:  2    Str:  8 (10) XL:     6   Next: 54%
Magic:  9/11       EV: 19    Int: 16 (17) God:
Gold:   131        SH:  0    Dex: 15 (17) Spells: 7/11 levels left

rFire    . . .     SeeInvis .     - Unarmed
rCold    . . .     Faith    .   (shield currently unavailable)
rNeg     + . .     Spirit   .   (helmet currently unavailable)
rPois    x         Reflect  .   (no amulet)
rElec    .         Harm     .   a - ring of positive energy
rCorr    .         Rampage  .   (no ring)
Will     .....                  (no ring)
Stlth    ++........             (no ring)
HPRegen  0.12/turn              (no ring)
MPRegen  0.12/turn              (no ring)
                                (no ring)
                                (no ring)

@: lethally poisoned (-3 -> -20), spider-form (expiring)
A: venomous fangs, almost no armour, (amphibious), 8 rings, tiny, (camouflage
1), (gelatinous body 1), (nimble swimmer 1), (tentacles)
a: End Transformation


You were on level 7 of the Dungeon.
You were a venomous arachnid creature.
You visited 1 branch of the dungeon, and saw 5 of its levels.

You collected 131 gold pieces.

Inventory:

Jewellery
 a - a ring of positive energy (left front leg)
 k - a ring of positive energy
Wands
 i - a wand of iceblast (10)
Scrolls
 d - a scroll of enchant armour {unknown}
 e - 2 scrolls of noise {unknown}
 f - a scroll of fear {unknown}
 h - a scroll of enchant weapon {unknown}


   Skills:
 + Level 1.3 Fighting
 + Level 2.5 Dodging
 + Level 3.6 Stealth
 + Level 4.6 Unarmed Combat
 * Level 3.4 Spellcasting
 * Level 3.2 Transmutations
 + Level 0.5 Poison Magic


You had 7 spell levels left.
You knew the following spells:

 Your Spells              Type           Power      Damage    Failure   Level
a - Beastly Appendage     Tmut           24%        N/A       14%         1
b - Spider Form           Tmut/Pois      4%         N/A       47%         3

Your spell library contained the following spells:

 Spells                   Type           Power      Damage    Failure   Level
 Wereblood                Tmut           12%        N/A       21%         2
 Ice Form                 Ice/Tmut       7%         N/A       85%         4


Dungeon Overview and Level Annotations

Branches:
Dungeon (4/15)
 Temple: D:4-7

Altars:
Cheibriados
Yredelemnul

Shops:
D:2 (

Annotations:
D:3 Robin


Innate Abilities, Weirdness & Mutations

You are a venomous arachnid creature.
You have poisonous fangs.
You are tiny and dextrous.
Your spellcasting is less reliable in this form.
Your armour is entirely melded.
You are incapable of wielding weapons or throwing items.
You cannot wear most types of armour.
((You are amphibious.))
You can wear up to eight rings at the same time.
((Your skin changes colour to match your surroundings (Stealth+).))
((Your rubbery body absorbs attacks. (AC +1, EV +1)))
((You are camouflaged near water. (Stealth+)))
((You have tentacles for arms and can constrict up to eight enemies at once.))


Message History

You turn into a venomous arachnid creature.
You hit the orc wizard but do no damage.
The orc wizard gestures at you while chanting.
The magic dart hits you.
You hit the orc wizard.
The orc wizard is poisoned.
The orc wizard is lightly wounded.
The orc wizard barely misses you.
You barely miss the orc wizard.
The orc wizard is heavily wounded.
The orc wizard hits you with a +0 dagger.
You hit the orc wizard.
The orc wizard looks as sick as possible!
The orc wizard is almost dead.
You barely miss the orc wizard.
The orc wizard is almost dead.
You kill the orc wizard!
Your transformation is almost over.
An orc is nearby!
An orc is nearby!
An orc is nearby!
The orc shouts!
The orc barely misses you.
Things that are here:
a +0 dagger; a +0 robe; an orc corpse You barely miss the orc.
The orc hits you with a +2 trident of venom!
* * * LOW HITPOINT WARNING * * *
You are lethally poisoned!
You hit the orc.
You kill the orc!
* * * LOW HITPOINT WARNING * * *
You feel very sick.
* * * LOW HITPOINT WARNING * * *
You feel very sick.
Things that are here:
a +2 trident of venom; an orc corpse Unknown command.
You aren't carrying any potions.
Unknown command.
You die...

## .# ###.# #...#
##...#
############...##
####.....†)..o......
####
#.)s...#########.#..
#....#)###### #.#
#......# #.#
#....#..# #.#
#######..# ##.# #.#
#..# # ##.#######
##.## #
.........####..####
#..........###..


There were no monsters in sight!

Vanquished Creatures
  4 killer bees (D:7)
  An orc wizard (D:7)
  6 adders
  A shadow imp (D:7)
  2 worms (D:2)
  2 dart slugs
  7 orcs
  4 bats
  7 endoplasms
  3 giant cockroaches
  5 hobgoblins
  2 quokkas
  2 ball pythons (D:1)
  6 frilled lizards
  7 goblins
  6 kobolds
  5 rats
70 creatures vanquished.

Vanquished Creatures (others)
  4 withered plants (D:2)
4 creatures vanquished.

Grand Total: 74 creatures vanquished

Notes
Turn   | Place    | Note
-------+----------+-------------------------------------------
     0 | D:1      | H0rd4k the Octopode Transmuter began the quest for the Orb.
     0 | D:1      | Reached XP level 1. HP: 13/13 MP: 3/3
   470 | D:1      | Reached XP level 2. HP: 10/18 MP: 5/5
  1246 | D:1      | Reached XP level 3. HP: 5/23 MP: 6/6
  1250 | D:1      | Learned a level 3 spell: Spider Form
  1705 | D:2      | Reached skill level 1 in Stealth
  1862 | D:2      | Found a faded altar of an unknown god.
  1977 | D:2      | Found Zakkeony's Weapon Emporium.
  2602 | D:2      | Reached XP level 4. HP: 18/28 MP: 6/8
  3128 | D:3      | Found a basalt altar of Yredelemnul.
  3366 | D:3      | Found a snail-covered altar of Cheibriados.
  3427 | D:3      | Reached XP level 5. HP: 22/33 MP: 7/9
  3428 | D:3      | Noticed Robin
  3633 | D:4      | You fall into a shaft and drop 3 floors!
  3688 | D:7      | Reached skill level 4 in Unarmed Combat
  3691 | D:7      | Reached XP level 6. HP: 31/38 MP: 3/10
  3873 | D:7      | HP: 1/38 [poisoned by an orc]
  3874 | D:7      | Succumbed to an orc's poison

Illustrated notes

Levels and vault maps discovered:
D:1:      elethiomel_arrival_maze, layout_loops_corners
D:2:      minmay_recursive_quarters, layout_basic, serial_shops, shop,
          ebering_ecumenical_altar_petrified, kennysheep_generic_room_16
D:3:      layout_basic, yredelemnul_altar_generic,
          mainiacjoe_overflow_boulevard, chequers_mini_garden,
          minmay_three_crescents, uniq_natasha, uniq_robin
D:4:      layout_rooms, minmay_temple_entry_enclosed_plants, patterned_corridor,
          uniq_pikel
D:7:      layout_rooms

Skill      XL: |  1  2  3  4  5  6 |
---------------+-------------------+-----
Stealth        | 2 3 |  3.6
Spellcasting   | 3 |  3.4
Unarmed Combat | 4 |  4.6
Transmutations | 3 |  3.2
Fighting       | |  1.3
Dodging        | |  2.5
Poison Magic   | |  0.5

Action                   |  1- 3 |  4- 6 || total
-------------------------+-------+-------++-------
Melee: Unarmed           |    90 |    89 ||   179
       Constrict         |    19 |    19 ||    38
       Punch             |     1 |       ||     1
       Tentacles         |    10 |     6 ||    16
 Cast: Spider Form       |       |     5 ||     5
  Use: Potion            |       |     4 ||     4
 Stab: Sleeping          |    12 |       ||    12
Armor: Skin              |     2 |     5 ||     7
Dodge: Dodged            |    39 |    72 ||   111
